Map: Jagannatha LE

Players

Reynor

  • Race: Zerg Zerg
  • League: Master

Lambo - Winner!

  • Race: Zerg Zerg
  • League: Grandmaster

Event: DreamHack SC2 Masters 2021 Summer

VOD

Have the link to the VOD?

Description

Time

  • Played on: June 6, 2021, 12:09 p.m.
  • Length: 8:05

All games in this series

Show
View Real Time Build Order
Export as new Build Order

Reynor Zerg 

Build Orders: Pool First 

Get SALT Encoding   

  12  0:16  Spawning Pool  
  11  0:22  Drone  
  11  0:25  Drone  
  13  0:30  Drone  
  14  0:39  Overlord  
  14  1:03  Zergling x2  
  14  1:04  Zergling x2  
  16  1:05  Zergling x2  
  17  1:15  Zergling x2  
  18  1:19  Hatchery  
  17  1:26  Zergling x2  
  18  1:33  Queen  
  18  1:37  Zergling x2  
  21  1:47  Overlord  
  21  1:59  Drone  
  22  2:09  Drone  
  22  2:11  Queen  
  25  2:21  Drone  
  25  2:31  Drone x2  
  29  2:41  Overlord  
  29  2:42  Drone x2  
  31  2:47  Drone  
  31  2:49  Drone  
  32  2:53  Drone  
  32  2:56  Drone  
  31  3:06  Zergling x4  
  31  3:07  Queen  
  31  3:11  Spine Crawler  
  31  3:13  Zergling x2  
  31  3:16  Zergling x2  
  33  3:20  Evolution Chamber  
  33  3:26  Zergling x2  
  33  3:27  Zergling x2  
  35  3:35  Zergling x6  
  35  3:40  Zergling x2  
  27  3:49  Zergling x2  
  27  3:50  Zergling x2  
  26  3:57  Drone  
  26  4:02  Drone  
  25  4:05  Drone  
  25  4:09  Drone  
  27  4:14  Drone  
  28  4:19  Drone  
  29  4:25  Queen  
  29  4:28  Drone  
  32  4:31  Drone  
  32  4:33  Drone  
  32  4:36  Drone  
  35  4:38  Drone  
  35  4:42  Extractor, Drone  
  36  4:47  Drone  
  36  4:48  Drone  
  38  4:53  Overlord  
  38  4:55  Drone  
  39  5:02  Queen  
  39  5:03  Drone  
  39  5:06  Drone  
  43  5:07  Drone  
  43  5:12  Drone x2  
  46  5:17  Overlord  
  46  5:18  Drone  
  47  5:26  Drone  
  48  5:29  Drone  
  48  5:31  Evolution Chamber  
  48  5:33  Drone x3  
  51  5:39  Zergling x4  
  53  5:45  Metabolic Boost  
  53  5:49  Zergling x2  
  54  5:51  Roach Warren  
  54  5:56  Zergling x2  
  54  5:57  Zergling x2  
  54  6:03  Overlord  
  55  6:04  Hatchery, Drone  
  55  6:08  Drone x2  
  57  6:11  Drone x2  
  57  6:13  Overlord  
  59  6:20  Extractor, Drone  
  59  6:21  Extractor, Drone x3  
  61  6:29  Overlord  
  61  6:33  Zergling x2  
  61  6:34  Zergling x2  
  63  6:41  Evolution Chamber  
  63  6:45  Zergling x4  
  64  6:49  Drone x6  
  71  6:54  Drone  
  71  6:57  Overlord  
  71  7:01  Spine Crawler  
  70  7:02  Spine Crawler  
  70  7:06  Roach  
  70  7:08  Roach  
  73  7:16  Evolution Chamber  
  73  7:17  Spine Crawler, Roach x2  
  73  7:19  Roach  
  73  7:22  Roach x2  
  81  7:27  Roach  
  81  7:28  Roach  
  85  7:34  Zergling x8  
  84  7:44  Zergling x4  
Show
View Real Time Build Order
Export as new Build Order

Lambo Zerg - Winner!

Build Orders: Pool First 

Get SALT Encoding   

  12  0:00  Drone  
  13  0:12  Overlord  
  13  0:17  Drone  
  14  0:30  Drone x2  
  16  0:38  Extractor  
  15  0:43  Spawning Pool  
  15  0:47  Drone  
  15  1:10  Hatchery  
  14  1:15  Drone  
  15  1:30  Zergling x6  
  18  1:42  Metabolic Boost, Zergling x2  
  19  1:54  Queen  
  19  1:57  Zergling x2  
  22  2:04  Overlord  
  22  2:18  Zergling x2  
  22  2:23  Zergling x2  
  22  2:28  Zergling x2  
  22  2:35  Zergling x4  
  24  2:44  Zergling x2  
  25  2:46  Zergling x2, Queen  
  27  2:56  Zergling x4  
  29  3:09  Drone x2  
  31  3:15  Drone x2  
  33  3:20  Overlord  
  33  3:26  Drone x2  
  35  3:35  Zergling x2  
  35  3:42  Drone x2  
  35  3:44  Drone  
  35  3:46  Drone x3  
  39  3:51  Zergling x2  
  39  3:54  Zergling x2  
  36  4:04  Drone x2  
  36  4:05  Drone x3  
  41  4:16  Drone x2  
  43  4:26  Overlord  
  43  4:31  Hatchery  
  43  4:33  Drone  
  43  4:35  Overlord  
  43  4:45  Drone x6  
  49  4:51  Queen  
  49  4:52  Evolution Chamber  
  50  4:53  Drone  
  50  4:56  Drone  
  52  5:02  Drone  
  52  5:05  Roach Warren  
  52  5:06  Lair  
  52  5:08  Drone  
  52  5:11  Extractor  
  52  5:12  Extractor  
  51  5:14  Drone  
  51  5:17  Drone x4  
  51  5:20  Drone  
  57  5:29  Drone x2  
  57  5:32  Overlord, Zerg Missile Weapons Level 1  
  57  5:35  Overlord  
  59  5:36  Drone  
  60  5:44  Drone x3  
  60  5:45  Drone  
  60  5:46  Drone  
  65  5:51  Extractor  
  64  5:57  Drone  
  64  5:59  Roach x6  
  64  6:02  Queen  
  79  6:07  Glial Reconstitution  
  79  6:10  Overlord  
  78  6:11  Overlord  
  78  6:13  Overlord  
  78  6:15  Roach  
  78  6:18  Overlord  
  80  6:28  Overlord  
  80  6:31  Roach x6  
  92  6:34  Roach  
  92  6:35  Roach  
  92  6:37  Overlord  
  92  6:39  Roach  
  98  6:43  Roach x2  
  102  6:50  Roach x3  
  102  6:51  Overlord  
  108  6:56  Roach x2  
  108  6:58  Roach  
  108  7:00  Roach  
  116  7:05  Roach x2  
  116  7:06  Roach  
  124  7:08  Roach  
  124  7:16  Roach x2  
  124  7:17  Roach x2  
  132  7:24  Roach x2  
  132  7:29  Ravager  
  133  7:31  Roach  
  133  7:32  Roach  
  133  7:36  Roach  
  136  7:39  Roach x3  
  136  7:44  Zergling x6, Overlord  
  138  7:46  Overlord  
Tags
 
Add a new tag
Caveats
  • Supply blocks, unpowered buildings, or Contaminate may cause inaccurate times.
  • Supply counts are checked every 10 seconds.